 Dungeon Crawl Stone Soup version 0.30.0-29-ga12c61a403 (webtiles) character file.

Game seed: 8473107512244971235

6855 qw the Cleaver (level 11, -3/68 HPs)
             Began as a Gargoyle Fighter on June 3, 2023.
             Was an Elder of Okawaru.
             Killed from afar by Fannar (40 damage)
             ... with a bolt of cold
             ... on level 1 of the Lair of Beasts.
             The game lasted 00:03:59 (6631 turns).

qw the Cleaver (Gargoyle Fighter)                   Turns: 6631, Time: 00:04:00

Health: -3/68      AC: 23    Str: 25    XL:     11   Next: 6%
Magic:  13/15      EV: 10    Int:  8    God:    Okawaru [****..]
Gold:   396        SH:  6    Dex:  9    Spells: 10/10 levels left

rFire   . . .        Y - +1 war axe
rCold   . . .        c - +0 buckler
rNeg    + . .        a - +0 chain mail
rPois   inf          (no helmet)
rElec   +            h - +0 cloak
rCorr   .            t - +0 pair of gloves
SInv    .            (no boots)
Will    .....        j - amulet of faith Stlth
                     m - +4 ring of slaying {mikee}
HPRegen 1.11/turn    (no ring)
MPRegen 0.14/turn

%: faith
@: heroic
A: sickness immunity, AC +8, negative energy resistance 1, electricity
resistance, torment resistance 1, petrification resistance, regeneration 1
a: Renounce Religion, Heroism, Finesse


You were on level 1 of the Lair of Beasts.
You worshipped Okawaru.
Okawaru was greatly pleased with you.
You visited 2 branches of the dungeon, and saw 9 of its levels.
You also visited: Ossuary.

You collected 396 gold pieces.


Innate Abilities, Weirdness & Mutations

You are immune to sickness and miasma.
Your stone body is resilient. (AC +8)
You are immune to poison.
You resist negative energy. (rN+)
You are resistant to electric shocks. (rElec)
You are resistant to unholy torment.
You are immune to petrification.
Your natural rate of healing is unusually fast.


   Skills:
 - Level 8.0(13.0) Fighting
 - Level 11.4(16.4) Axes
 - Level 2.0(7.0) Throwing
 - Level 6.4(11.4) Armour
 + Level 1.6(6.6) Dodging
 - Level 5.1(10.1) Shields
 + Level 6.0 Invocations


You had 10 spell levels left.
You didn't know any spells.
Your spell library was empty.

Inventory:

Hand Weapons
 e - a +0 flail
 Y - a +1 war axe (weapon)
Missiles
 v - 5 boomerangs (quivered)
Armour
 a - a +0 chain mail (worn)
 c - a +0 buckler (worn)
 h - a +0 cloak (worn)
 t - a +0 pair of gloves (worn)
Jewellery
 j - an amulet of faith (around neck)
 m - a +4 ring of slaying (left hand) {mikee}
Wands
 q - a wand of digging (12)
Scrolls
 g - 2 scrolls of teleportation
 l - 3 scrolls of identify
Potions
 b - 3 potions of lignification
 d - 4 potions of might
 f - a potion of cancellation
 i - a potion of resistance
 k - 2 potions of curing
 n - a potion of magic
 o - a potion of haste
 p - a potion of mutation
 r - 2 potions of attraction
 x - a potion of heal wounds

Dungeon Overview and Level Annotations

Branches:
Dungeon (8/15)             Temple (0/1) D:7            Lair (1/5) D:8
Ossuary (visited)

Altars:
Ashenzari
Gozag
Okawaru
Sif Muna
Xom
Zin

Shops:
D:1 (   D:3 (

Annotations:
D:8 3 runed translucent doors, qw's ghost, novice GrFi
Lair:1 Fannar


Message History

Okawaru is honoured by your kill.
You hit Fannar. You hit the ice beast. Fannar hits you but does no damage.
The ice beast hits you but does no damage.
Your base Armour skill increases to level 6!
Your Invocations skill increases to level 6!
You have reached level 11!
You barely miss Fannar.
Fannar is lightly wounded.
You slash the ice beast!
Fannar mumbles some strange words.
You hit the ice beast but do no damage.
The ice beast is heavily wounded.
You slash Fannar! You block the ice beast's attack.
You slash the ice beast!
The ice beast is severely wounded.
You hit Fannar. Fannar misses you. The ice beast barely misses you.
You slash the ice beast!
You kill the ice beast!
The ice beast disappears in a puff of smoke!
You closely miss Fannar. Fannar hits you but does no damage.
You hit Fannar.
Fannar is moderately wounded.
You hit the ice beast.
Fannar hits you with a +0 quarterstaff of freezing.
Fannar freezes you.
You hit Fannar.
Fannar is moderately wounded.
You slash the ice beast!
The ice beast hits you but does no damage.
You hit the ice beast but do no damage.
The ice beast is heavily wounded.
You slash Fannar! Fannar casts a spell at you. The bolt of cold hits you!!!
Ouch! That really hurt!
You die...

#.##### .....
#...#.##.....
#............
#............
#.............
#..............
#....Ye.........
#....@..........
#...........~~~7
#..........~~~~
##..........~P~
#../......##
#.........#
##.........#
#........###
#........#


You could see Fannar and an ice beast (summoned).

Vanquished Creatures
  Erica (Lair:1)
  A hydra (Lair:1)
  Prince Ribbit (D:5)
  Eustachio (D:5)
  A shadow (D:8)
  3 wyverns
  4 yaks
  A steam dragon (D:8)
  A basilisk (D:8)
  Menkaure (D:7)
  3 water moccasins
  An acid dragon (D:8)
  A sky beast (D:7)
  An ice beast (D:7)
  4 black bears
  3 ogres
  2 centaurs
  3 phantoms (D:4)
  A kobold brigand (D:8)
  2 bullfrogs
  3 scorpions
  4 water moccasin zombies (Ossuary)
  12 killer bees
  5 howler monkeys
  6 hounds
  2 jellies (D:4)
  3 orc priests
  Ijyb (D:5)
  3 iguanas
  6 orc wizards
  2 mummies (Ossuary)
  7 adders
  3 gnolls (D:2)
  3 white imps
  4 adder zombies (Ossuary)
  2 worms
  2 dart slugs
  25 orcs
  5 ball pythons
  3 endoplasms
  2 giant cockroaches
  5 goblins
  7 hobgoblins
  8 jackals
  3 quokkas
  2 bats
  4 frilled lizards
  5 gnoll zombies (Ossuary)
  6 hobgoblin zombies (Ossuary)
  A jackal zombie (D:5)
  15 kobolds
  7 kobold zombies (Ossuary)
  6 orc zombies (Ossuary)
  4 rats
  2 rat zombies (D:5)
214 creatures vanquished.

Notes
Turn   | Place    | Note
-------+----------+-------------------------------------------
     0 | D:1      | qw the Gargoyle Fighter began the quest for the Orb.
     0 | D:1      | Reached XP level 1. HP: 14/14 MP: 1/1
     0 | D:1      | 0 ||| qw: Version: 0.2-a-103-g5a998e5
     0 | D:1      | 0 ||| qw: Game counter: 1065
     0 | D:1      | 0 ||| qw: Always use a shield: true
     0 | D:1      | 0 ||| qw: God list: Okawaru
     0 | D:1      | 0 ||| qw: Allow faded altars: false
     0 | D:1      | 0 ||| qw: Do Orc after D:15 true
     0 | D:1      | 0 ||| qw: Do second Lair branch before Depths: true
     0 | D:1      | 0 ||| qw: Lair rune preference: random
     0 | D:1      | 0 ||| qw: Plans: Normal, Zot:1-4, Slime:5, God:TSO, Crypt,
                  | Tomb, Pan, Hells, Abyss, Win
     0 | D:1      | 0 ||| PLANNING D:1-11
    37 | D:1      | Found Zauviuvavi's Antique Weapon Emporium.
    52 | D:1      | 52 ||| SHOPLISTING ebony whip (135 gold, have 11).
    52 | D:1      | 52 ||| SHOPLISTING whip (45 gold, have 11).
    87 | D:1      | Reached skill level 2 in Axes
   140 | D:1      | 140 ||| Stepping ~*~*~tactically~*~*~ (stealth).
   141 | D:1      | 141 ||| Stepping ~*~*~tactically~*~*~ (stealth).
   150 | D:1      | Reached XP level 2. HP: 13/19 MP: 2/2
   341 | D:1      | Reached skill level 3 in Axes
   401 | D:1      | Reached XP level 3. HP: 19/23 MP: 3/3
   553 | D:1      | 553 ||| UPGRADING to +0 cloak.
   558 | D:1      | 558 ||| READING scroll labelled PAEFEP ILLEO.
   606 | D:2      | 606 ||| DROPPING +0 club.
   613 | D:2      | 613 ||| Stepping ~*~*~tactically~*~*~ (hiding).
   615 | D:2      | 615 ||| Stepping ~*~*~tactically~*~*~ (hiding).
   660 | D:2      | Reached XP level 4. HP: 8/28 MP: 4/4
   743 | D:2      | 743 ||| DROPPING +0 whip.
  1033 | D:2      | Reached skill level 4 in Axes
  1566 | D:2      | 1566 ||| READING scroll labelled MUTICA PYSIQE.
  1570 | D:2      | 1570 ||| READING scroll labelled JIAK QOUKUZID.
  1571 | D:2      | 1571 ||| DRINKING 2 smoky brown potions.
  1611 | D:3      | 1611 ||| STAIRDANCE
  1639 | D:3      | 1639 ||| Stepping ~*~*~tactically~*~*~ (stealth).
  1639 | D:3      | Found Woffassowe's Antique Weapon Shoppe.
  1640 | D:3      | 1640 ||| Stepping ~*~*~tactically~*~*~ (stealth).
  1641 | D:3      | 1641 ||| Stepping ~*~*~tactically~*~*~ (stealth).
  1778 | D:3      | Reached XP level 5. HP: 28/32 MP: 5/5
  1778 | D:3      | 1778 ||| FLEEEEING.
  1826 | D:3      | Found a shimmering altar of Xom.
  1981 | D:3      | HP: 7/32 [hobgoblin (4)]
  1983 | D:3      | HP: 3/32 [hobgoblin (4)]
  1984 | D:3      | Reached skill level 5 in Axes
  1987 | D:3      | 1987 ||| FLEEEEING.
  1988 | D:3      | 1988 ||| FLEEEEING.
  1989 | D:3      | 1989 ||| FLEEEEING.
  1990 | D:3      | 1990 ||| FLEEEEING.
  1991 | D:3      | 1991 ||| FLEEEEING.
  1995 | D:3      | 1995 ||| FLEEEEING.
  1996 | D:3      | 1996 ||| FLEEEEING.
  1997 | D:3      | 1997 ||| FLEEEEING.
  1998 | D:3      | 1998 ||| FLEEEEING.
  1999 | D:3      | 1999 ||| FLEEEEING.
  2001 | D:3      | 2001 ||| FLEEEEING.
  2002 | D:3      | 2002 ||| FLEEEEING.
  2003 | D:3      | 2003 ||| FLEEEEING.
  2004 | D:3      | 2004 ||| FLEEEEING.
  2005 | D:3      | 2005 ||| FLEEEEING.
  2007 | D:3      | 2007 ||| FLEEEEING.
  2009 | D:3      | 2009 ||| FLEEEEING.
  2010 | D:3      | 2010 ||| STAIRDANCE
  2097 | D:2      | 2097 ||| READING scroll labelled RAOG PUEPEDA.
  2098 | D:2      | 2098 ||| READING scroll labelled JOX LAH ALIHEE.
  2201 | D:3      | 2201 ||| UPGRADING to +0 chain mail.
  2211 | D:3      | 2211 ||| DROPPING +0 scale mail.
  2212 | D:3      | 2212 ||| UPGRADING to amulet of faith.
  2238 | D:4      | Reached XP level 6. HP: 38/38 MP: 6/6
  2340 | D:4      | Noticed a black bear
  2354 | D:4      | Killed a black bear
  2355 | D:4      | Reached skill level 6 in Axes
  2508 | D:4      | Reached skill level 1 in Dodging
  2508 | D:4      | Reached XP level 7. HP: 30/43 MP: 7/7
  2726 | D:4      | Found an iron altar of Okawaru.
  2726 | D:4      | Found a broken altar of Ashenzari.
  2727 | D:4      | 2727 ||| PLANNING OKAWARU WORSHIP
  2727 | D:4      | 2727 ||| READING scroll labelled IDYAMN SUMATS.
  2828 | D:4      | 2828 ||| READING scroll labelled DYXZIT GEDIATA.
  2835 | D:4      | Became a worshipper of Warmaster Okawaru
  2835 | D:4      | 2835 ||| PLANNING D:1-11
  2922 | D:4      | Reached skill level 7 in Axes
  2963 | D:4      | Reached skill level 1 in Throwing
  3041 | D:4      | Reached XP level 8. HP: 48/48 MP: 8/8
  3425 | D:4      | 3425 ||| UPGRADING to +4 ring of slaying {mikee}.
  3426 | D:4      | 3426 ||| READING scroll labelled AKEPY ELODOQ.
  3427 | D:4      | 3427 ||| DRINKING 2 black potions.
  3427 | D:4      | Gained mutation: Your natural rate of healing is unusually
                  | fast. [potion of mutation]
  3428 | D:4      | 3428 ||| READING 2 scrolls of identify.
  3428 | D:4      | 3428 ||| IDENTIFYING silvery potion
  3435 | D:5      | Entered Level 5 of the Dungeon
  3436 | D:5      | 3436 ||| PLANNING OSSUARY
  3439 | D:5      | Found a sand-covered staircase.
  3439 | D:5      | Noticed Eustachio
  3458 | D:5      | Reached * piety under Okawaru
  3459 | D:5      | 3459 ||| INVOKING Heroism.
  3476 | D:5      | 3476 ||| FLEEEEING.
  3477 | D:5      | Killed Eustachio
  3478 | D:5      | Reached skill level 8 in Axes
  3483 | D:5      | 3483 ||| STAIRDANCE
  3498 | Ossuary  | Entered an ossuary
  3538 | Ossuary  | Reached skill level 1 in Invocations
  3652 | Ossuary  | Reached skill level 6 in Fighting
  3720 | Ossuary  | 3720 ||| UPGRADING to +0 pair of gloves.
  3725 | Ossuary  | 3725 ||| DRINKING 3 viscous golden potions.
  3726 | Ossuary  | 3726 ||| READING 3 scrolls of identify.
  3726 | Ossuary  | 3726 ||| IDENTIFYING orange potion
  3727 | Ossuary  | 3727 ||| READING 2 scrolls of identify.
  3727 | Ossuary  | 3727 ||| IDENTIFYING emerald potion
  3728 | Ossuary  | 3728 ||| DROPPING 2 potions of brilliance.
  3729 | Ossuary  | 3729 ||| DROPPING potion of berserk rage.
  3735 | D:5      | 3735 ||| PLANNING D:1-11
  3747 | D:5      | Reached ** piety under Okawaru
  3748 | D:5      | Reached skill level 3 in Invocations
  3841 | D:5      | 3841 ||| DRINKING 3 potions of curing.
  3841 | D:5      | 3841 ||| (to cure confusion)
  3842 | D:5      | 3842 ||| Stepping ~*~*~tactically~*~*~ (hiding).
  3863 | D:5      | 3863 ||| Stepping ~*~*~tactically~*~*~ (hiding).
  3864 | D:5      | 3864 ||| Stepping ~*~*~tactically~*~*~ (hiding).
  3912 | D:5      | Reached XP level 9. HP: 55/55 MP: 11/11
  3978 | D:5      | Noticed Prince Ribbit
  3979 | D:5      | 3979 ||| INVOKING Heroism.
  3984 | D:5      | Killed Prince Ribbit
  4093 | D:5      | 4093 ||| INVOKING Heroism.
  4223 | D:5      | Found a glowing silver altar of Zin.
  4223 | D:5      | Found an opulent altar of Gozag.
  4223 | D:5      | Noticed Ijyb
  4224 | D:5      | 4224 ||| INVOKING Heroism.
  4229 | D:5      | Killed Ijyb
  4254 | D:5      | 4254 ||| READING scroll labelled JICSIL XANAQA.
  4255 | D:5      | 4255 ||| READING scroll labelled MANAIT LUHIDGH.
  4256 | D:5      | 4256 ||| READING 5 scrolls of identify.
  4256 | D:5      | 4256 ||| IDENTIFYING bubbling dark potion
  4257 | D:5      | 4257 ||| READING 4 scrolls of identify.
  4257 | D:5      | 4257 ||| IDENTIFYING inky potion
  4258 | D:5      | 4258 ||| READING 3 scrolls of identify.
  4258 | D:5      | 4258 ||| IDENTIFYING fizzy blue potion
  4259 | D:5      | 4259 ||| READING 2 scrolls of identify.
  4259 | D:5      | 4259 ||| IDENTIFYING golden potion
  4260 | D:5      | 4260 ||| DROPPING potion of ambrosia.
  4261 | D:5      | 4261 ||| DROPPING potion of degeneration.
  4320 | D:6      | 4320 ||| INVOKING Heroism.
  4323 | D:6      | Reached skill level 9 in Axes
  4357 | D:6      | 4357 ||| Stepping ~*~*~tactically~*~*~ (stealth).
  4384 | D:6      | 4384 ||| Stepping ~*~*~tactically~*~*~ (stealth).
  4385 | D:6      | 4385 ||| INVOKING Heroism.
  4438 | D:6      | 4438 ||| INVOKING Heroism.
  4443 | D:6      | 4443 ||| Stepping ~*~*~tactically~*~*~ (stealth).
  4461 | D:6      | 4461 ||| Stepping ~*~*~tactically~*~*~ (stealth).
  4475 | D:6      | 4475 ||| INVOKING Heroism.
  4532 | D:6      | 4532 ||| INVOKING Heroism.
  4594 | D:6      | 4594 ||| Stepping ~*~*~tactically~*~*~ (hiding).
  5076 | D:7      | 5076 ||| Stepping ~*~*~tactically~*~*~ (stealth).
  5122 | D:7      | Found a flagged portal.
  5142 | D:7      | Found a staircase to the Ecumenical Temple.
  5264 | D:7      | Found a shimmering blue altar of Sif Muna.
  5383 | D:7      | 5383 ||| INVOKING Heroism.
  5387 | D:7      | Reached XP level 10. HP: 63/63 MP: 10/13
  5439 | D:7      | Noticed Menkaure
  5440 | D:7      | 5440 ||| INVOKING Heroism.
  5449 | D:7      | Killed Menkaure
  5652 | D:7      | 5652 ||| READING scroll labelled VUFOAW EMUUSCHUH.
  5653 | D:7      | 5653 ||| READING 2 scrolls of identify.
  5653 | D:7      | 5653 ||| IDENTIFYING brown potion
  5702 | D:8      | Reached skill level 10 in Axes
  5889 | D:8      | Reached *** piety under Okawaru
  5898 | D:8      | Found a staircase to the Lair.
  5924 | D:8      | 5924 ||| Stepping ~*~*~tactically~*~*~ (stealth).
  5926 | D:8      | 5926 ||| INVOKING Heroism.
  5966 | D:8      | 5966 ||| Stepping ~*~*~tactically~*~*~ (stealth).
  5991 | D:8      | 5991 ||| INVOKING Heroism.
  6082 | D:8      | Found a runed translucent gate.
  6083 | D:8      | Found a runed translucent gate.
  6083 | D:8      | Found a runed translucent gate.
  6086 | D:8      | Noticed qw's ghost (novice GrFi)
  6168 | D:8      | 6168 ||| INVOKING Heroism.
  6295 | D:8      | 6295 ||| PLANNING LAIR
  6295 | D:8      | 6295 ||| DRINKING 2 lumpy yellow potions.
  6296 | D:8      | 6296 ||| READING 6 scrolls of identify.
  6296 | D:8      | 6296 ||| IDENTIFYING fuming ruby potion
  6297 | D:8      | 6297 ||| READING 5 scrolls of identify.
  6297 | D:8      | 6297 ||| IDENTIFYING sedimented dark potion
  6298 | D:8      | 6298 ||| READING 4 scrolls of identify.
  6298 | D:8      | 6298 ||| IDENTIFYING fizzy coppery potion
  6299 | D:8      | 6299 ||| DROPPING potion of flight.
  6300 | D:8      | 6300 ||| DROPPING potion of invisibility.
  6344 | Lair:1   | Entered Level 1 of the Lair of Beasts
  6351 | Lair:1   | 6351 ||| STAIRDANCE
  6472 | Lair:1   | Noticed a five-headed hydra
  6472 | Lair:1   | 6472 ||| Stepping ~*~*~tactically~*~*~ (stealth).
  6474 | Lair:1   | 6474 ||| INVOKING Heroism.
  6475 | Lair:1   | 6475 ||| Stepping ~*~*~tactically~*~*~ (stealth).
  6479 | Lair:1   | 6479 ||| SWAPPING to +0 flail.
  6487 | Lair:1   | Killed a five-headed hydra
  6487 | Lair:1   | Reached **** piety under Okawaru
  6488 | Lair:1   | Reached skill level 11 in Axes
  6488 | Lair:1   | 6488 ||| SWAPPING to +1 war axe.
  6498 | Lair:1   | 6498 ||| INVOKING Heroism.
  6610 | Lair:1   | Noticed Erica
  6611 | Lair:1   | 6611 ||| INVOKING Heroism.
  6612 | Lair:1   | Noticed Fannar
  6624 | Lair:1   | Killed Erica
  6625 | Lair:1   | Reached skill level 6 in Armour
  6625 | Lair:1   | Reached skill level 6 in Invocations
  6625 | Lair:1   | Reached XP level 11. HP: 40/68 MP: 12/15
  6631 | Lair:1   | Killed from afar by Fannar

Levels and vault maps discovered:
D:1:      psy_arrival_dodecagon, layout_rooms, serial_shops, shop_fountains,
          hangedman_decor_clover_reticule
D:2:      layout_basic, serial_rivers, chequers_serial_rivers_micro_a,
          chequers_serial_rivers_small_a, chequers_serial_rivers_room_a,
          chequers_serial_rivers_micro_c, kennysheep_generic_room_7
D:3:      layout_rooms, mainiacjoe_overflow_surrounded_room, serial_shops, shop
D:4:      layout_cave_pods, amethyst_overflow_temple_binary
D:5:      layout_rooms, grunt_temple_overflow_gold_and_silver, enter_ossuary_3,
          uniq_ijyb, uniq_prince_ribbit1, uniq_eustachio
D:6:      layout_loops_ring
D:7:      layout_basic, lemuel_blue_sif_altar, minmay_temple_entry_junction,
          enter_bailey_1, st_stairs_8, uniq_menkaure
D:8:      layout_basic, david_lair_generic, gammafunk_ghost_necromancy
Lair:1:   layout_small_grid, serial_bayou_pond_e, infiniplex_staircase_pool_2,
          lemuel_fruit_tree, uniq_fannar, uniq_erica

Skill      XL: |  1  2  3  4  5  6  7  8  9 10 |
---------------+-------------------------------+-----
Axes           | 2 3 4 5 6 7 8 9 11 | 11.4
Fighting       | 4 6 7 8 |  8.0
Dodging        | 1 |  1.6
Throwing       | 1 2 |  2.0
Invocations    | 3 4 6 |  6.0
Armour         | 5 6 |  6.4
Shields        | 4 5 |  5.1

Action                     |  1- 3 |  4- 6 |  7- 9 | 10-12 || total
---------------------------+-------+-------+-------+-------++-------
  Melee: War axe           |    73 |   179 |   293 |   166 ||   711
         Flail             |       |       |       |     8 ||     8
  Throw: Javelin           |       |    14 |    20 |       ||    34
         Boomerang         |       |       |    39 |    18 ||    57
 Invoke: Heroism           |       |       |    10 |     7 ||    17
    Use: Scroll            |     1 |     4 |    12 |     5 ||    22
         Potion            |       |     1 |     3 |     1 ||     5
 Armour: Scale mail        |    46 |    98 |       |       ||   144
         Chain mail        |       |    36 |   167 |   110 ||   313
  Dodge: Dodged            |    41 |    75 |   101 |    73 ||   290
  Block: Buckler           |    15 |    33 |    47 |    30 ||   125

Table legend:
 A = Non-vault XP
 B = Vault XP
 C = Vault XP percentage of total XP
 D = Non-vault monster count
 E = Vault monster count
 F = Vault count percentage of total count
                 A         B        C        D         E       F
            +---------+---------+-------+---------+---------+-------
      Total |    7055 |    2739 |  28.0 |     165 |      49 |  22.9
            +---------+---------+-------+---------+---------+-------
        D:1 |      37 |       0 |   0.0 |      20 |       0 |   0.0
        D:2 |      99 |       4 |   3.9 |      28 |       2 |   6.7
        D:3 |     132 |       0 |   0.0 |      16 |       0 |   0.0
        D:4 |    1108 |       0 |   0.0 |      19 |       0 |   0.0
        D:5 |     718 |     553 |  43.5 |      15 |       6 |  28.6
        D:6 |     870 |       0 |   0.0 |      20 |       0 |   0.0
        D:7 |     730 |     220 |  23.2 |      16 |       2 |  11.1
        D:8 |    1739 |     715 |  29.1 |      26 |       4 |  13.3
     Lair:1 |    1622 |     847 |  34.3 |       5 |       1 |  16.7
    Ossuary |       0 |     400 | 100.0 |       0 |      34 | 100.0
            +---------+---------+-------+---------+---------+-------
